Map: Ruins of Seras

Players

Hatorade

  • Race: Terran Terran
  • League: Master

Flood - Winner!

  • Race: Zerg Zerg
  • League: Master

VOD

Have the link to the VOD?

Description

A fairly well executed example of how to play Ling Baneling Mutalisk in Legacy of the void, there are many mistakes however the general idea is there

Time

  • Played on: Jan. 25, 2016, 9:29 p.m.
  • Length: 13:32
Show
View Real Time Build Order
Export as new Build Order

Hatorade Terran 

Build Orders: Reaper Expand 

Get SALT Encoding   

  12  0:00  SCV  
  13  0:13  SCV  
  14  0:18  Supply Depot  
  14  0:25  SCV  
  15  0:39  SCV  
  15  0:40  Barracks  
  16  0:46  Refinery  
  16  0:51  SCV  
  17  1:04  SCV  
  18  1:16  SCV  
  19  1:28  Orbital Command  
  19  1:31  Reaper  
  20  1:45  Command Center  
  20  1:53  Supply Depot  
  20  1:56  SCV  
  21  2:03  Marine  
  21  2:08  Refinery  
  22  2:11  SCV  
  23  2:18  Factory  
  23  2:23  SCV  
  23  2:26  Barracks Reactor  
  24  2:36  SCV  
  25  2:50  SCV  
  27  3:00  Orbital Command  
  27  3:12  SCV  
  27  3:14  Starport  
  27  3:18  Barracks Tech Lab  
  27  3:25  SCV  
  27  3:26  SCV  
  29  3:28  Hellion x2  
  33  3:37  SCV  
  33  3:40  SCV  
  35  3:49  SCV  
  35  3:50  Supply Depot  
  35  3:52  Viking  
  38  4:01  SCV x2  
  40  4:02  Marine  
  40  4:03  Siege Tank, Marine  
  45  4:12  Supply Depot  
  45  4:17  SCV x2  
  45  4:20  Marine x2  
  45  4:24  Command Center  
  49  4:32  SCV x2, Medivac  
  49  4:38  Bunker  
  56  4:45  Supply Depot x2  
  53  4:54  SCV x2, Barracks x2  
  53  4:56  Factory Reactor  
  53  4:57  Stimpack, Marine  
  56  5:06  SCV x2  
  58  5:14  Marine  
  58  5:18  SCV x2  
  58  5:19  Starport Reactor  
  61  5:23  Barracks  
  61  5:24  Barracks  
  61  5:25  Engineering Bay  
  61  5:27  Engineering Bay  
  61  5:32  Marine  
  60  5:50  Marine  
  61  5:57  SCV x2  
  61  6:00  Terran Infantry Armor Level 1  
  61  6:02  Terran Infantry Weapons Level 1, Factory Tech Lab  
  61  6:03  Orbital Command  
  63  6:04  Marine x3  
  63  6:05  Medivac x2  
  63  6:09  SCV x2, Marine x2  
  74  6:12  Refinery  
  74  6:13  Refinery  
  74  6:18  Supply Depot  
  74  6:21  Barracks Reactor, SCV x2  
  74  6:23  Orbital Command  
  76  6:27  Barracks Reactor  
  76  6:29  Marine x5  
  81  6:33  SCV x2  
  83  6:47  Marine x5  
  86  7:02  Supply Depot  
  86  7:03  Armory, Marine x4  
  86  7:04  Marine, Siege Tank, Medivac x2  
  86  7:07  SCV x2  
  100  7:12  SCV  
  101  7:17  Supply Depot  
  101  7:20  SCV, Marine x2  
  101  7:21  SCV  
  105  7:24  SCV  
  106  8:03  Marine  
  106  8:04  Siege Tank, Marine x8  
  106  8:05  Medivac x2  
  121  8:17  Barracks x2  
  121  8:19  Terran Infantry Weapons Level 2, Barracks, Terran Infantry Armor Level 2  
  121  8:20  Command Center  
  121  8:21  Marine x4  
  125  8:41  Marine x5  
  125  8:46  Marine  
  125  9:00  Marine  
  125  9:03  Marine x2  
  125  9:04  Marine x2  
  125  9:06  Marine  
  125  9:07  Marine x2  
  125  9:08  Marine  
  113  9:18  Marine  
  113  9:21  Marine x2  
  113  9:22  Marine x2  
  105  9:24  Marine  
  105  9:25  Marine x2  
  105  9:26  Marine  
  106  9:35  SCV x3  
  106  9:36  Barracks Reactor, Barracks Tech Lab, Marine  
  106  9:37  Barracks Reactor  
  106  9:38  Siege Tank, Terran Vehicle Weapons Level 1  
  110  9:39  Marine  
  110  9:40  Liberator x2, Marine  
  110  9:42  Marine  
  110  9:43  Marine x5  
  121  9:47  SCV x2  
  121  9:49  SCV  
  124  9:54  Marine  
  124  9:55  Marine  
  124  9:57  Marine  
  124  9:58  Marine  
  124  9:59  SCV x2  
  136  10:00  Marine  
  136  10:06  Marine x3  
  140  10:10  Supply Depot  
  140  10:27  Marine  
  140  10:28  Marine x2  
  140  10:29  Marine  
  140  10:32  Siege Tank, Marine x6  
  140  10:33  Marine x2  
  127  10:44  Marine x2  
  127  10:45  Marine  
  127  10:46  Marine x3  
  128  10:50  Marine x5  
  120  11:03  Liberator x2  
  110  11:14  SCV x3  
  102  11:23  Marauder, Marine  
  111  11:27  SCV x3  
  114  11:39  SCV x3  
  117  11:42  Siege Tank  
  117  11:45  Marauder x2, Marine x9  
  133  12:11  Marauder, Marine x4  
  114  12:49  SCV x3  
  114  12:50  Command Center  
Show
View Real Time Build Order
Export as new Build Order

Flood Zerg - Winner!

Build Orders: Hatch First, Muta Ling Bane 

Get SALT Encoding   

  12  0:03  Drone  
  13  0:10  Drone  
  14  0:18  Extractor  
  14  0:19  Drone  
  14  0:23  Extractor  
  14  0:24  Drone  
  14  0:28  Overlord  
  16  0:50  Hatchery  
  16  0:54  Drone  
  16  0:57  Drone  
  17  1:08  Extractor  
  16  1:13  Spawning Pool  
  16  1:17  Drone  
  16  1:20  Drone  
  17  1:25  Drone  
  17  1:32  Drone  
  19  1:43  Overlord  
  19  2:01  Queen  
  19  2:02  Zergling x4  
  19  2:04  Queen  
  19  2:06  Drone  
  26  2:12  Metabolic Boost  
  26  2:16  Drone  
  27  2:28  Drone  
  27  2:41  Drone x3  
  27  2:43  Queen  
  27  2:44  Queen  
  32  2:50  Overlord  
  34  2:55  Drone  
  35  3:10  Drone  
  35  3:11  Drone x6  
  41  3:16  Overlord  
  41  3:20  Queen  
  43  3:37  Drone x2  
  45  3:42  Baneling Nest  
  45  3:43  Hatchery  
  43  3:49  Drone x2  
  43  3:53  Drone  
  43  3:54  Drone x2  
  43  3:55  Drone, Extractor  
  49  4:01  Zergling x2  
  49  4:02  Zergling x6  
  52  4:13  Evolution Chamber, Overlord  
  52  4:14  Evolution Chamber  
  50  4:20  Drone x2  
  52  4:32  Overlord  
  52  4:33  Drone x2  
  52  4:34  Drone  
  55  4:39  Zergling x10  
  60  4:52  Zerg Melee Weapons Level 1  
  60  4:57  Zerg Ground Armor Level 1  
  60  4:59  Drone  
  61  5:00  Drone x7  
  61  5:01  Queen  
  70  5:14  Overlord x2  
  70  5:20  Lair  
  70  5:24  Overlord  
  70  5:42  Drone  
  71  5:43  Drone x3  
  73  5:57  Drone  
  73  6:00  Drone  
  73  6:01  Drone x6  
  73  6:03  Extractor  
  73  6:04  Extractor x2  
  79  6:05  Drone x3, Extractor  
  80  6:18  Drone x2  
  82  6:21  Overlord  
  82  6:22  Overlord, Spire  
  82  6:25  Drone  
  82  6:27  Overseer  
  82  6:32  Centrifical Hooks  
  82  6:37  Overlord  
  81  6:41  Drone x2  
  81  6:42  Drone x2  
  85  6:53  Zerg Ground Armor Level 2, Zerg Melee Weapons Level 2  
  85  6:58  Zergling x2  
  85  6:59  Zergling x22  
  97  7:07  Hatchery  
  97  7:08  Hatchery  
  95  7:22  Overlord  
  95  7:28  Overlord  
  95  7:36  Baneling  
  93  7:37  Mutalisk, Baneling x9  
  93  7:38  Mutalisk  
  93  7:39  Overlord  
  93  7:40  Overlord  
  93  7:42  Zergling x2  
  93  7:43  Zergling x14  
  105  7:45  Overlord  
  105  7:53  Overlord  
  103  8:01  Corruptor  
  103  8:02  Corruptor x6  
  103  8:05  Overlord  
  115  8:12  Zergling x2  
  116  8:13  Zergling x8  
  116  8:16  Queen  
  116  8:19  Queen  
  124  8:22  Drone x4  
  128  8:34  Overlord  
  128  8:35  Zergling x6  
  128  8:36  Zergling x18  
  137  8:49  Infestation Pit  
  137  8:51  Zerg Flyer Armor Level 1  
  122  9:04  Overlord  
  116  9:15  Zergling x28  
  116  9:16  Zergling x14  
  116  9:26  Hive, Drone x2  
  118  9:37  Drone x5  
  123  9:48  Zergling x2  
  123  9:49  Zergling x14  
  123  9:52  Queen  
  131  9:58  Baneling x7  
  131  9:59  Baneling x14  
  132  10:00  Zergling x2  
  132  10:01  Zergling x8  
  137  10:13  Drone x4  
  141  10:15  Overlord  
  139  10:42  Adrenal Glands  
  131  10:43  Zerg Ground Armor Level 3, Zerg Melee Weapons Level 3  
  131  10:44  Ultralisk Cavern, Zergling x2  
  131  10:45  Zergling x18  
  110  11:05  Drone x3  
  110  11:06  Drone x4  
  110  11:07  Drone  
  112  11:14  Overlord  
  107  11:21  Hatchery  
  106  11:30  Zergling x2  
  106  11:31  Chitinous Plating, Zergling x10  
  112  11:33  Ultralisk x2  
  112  11:37  Queen  
  126  11:43  Ultralisk  
  132  11:59  Burrow  
  132  12:01  Ultralisk  
  138  12:03  Ultralisk  
  144  12:09  Queen  
  145  12:20  Ultralisk  
  145  12:22  Zergling x10  
  119  13:02  Zergling x2  
  119  13:03  Zergling x14  
Tags
 
Add a new tag
Caveats
  • Supply blocks, unpowered buildings, or Contaminate may cause inaccurate times.
  • Supply counts are checked every 10 seconds.